 Dungeon Crawl Stone Soup version 0.27-a0-931-g5a74e75d8f (webtiles) character file.

Game seed: 12651410582156421080

86 Alarkh the Insei (level 4, 23/35 HPs)
             Began as a Demonspawn Gladiator on Apr 10, 2021.
             Got out of the dungeon alive.
             The game lasted 00:01:25 (1392 turns).

Alarkh the Insei (Demonspawn Gladiator)             Turns: 1392, Time: 00:01:25

Health: 23/35      AC:  3    Str: 14    XL:     4   Next: 27%
Magic:  4/4        EV: 12    Int: 10    God:
Gold:   51         SH:  0    Dex: 15    Spells: 3/3 levels left

rFire    . . .     SeeInvis .     - Unarmed
rCold    . . .     Faith    .   (no shield)
rNeg     . . .     Spirit   .   a - +0 leather armour
rPois    .         Reflect  .   (helmet restricted)
rElec    .         Harm     .   (no cloak)
rCorr    .         Rampage  .   (no gloves)
Will     .....                  (no boots)
Stlth    +.........             (no amulet)
HPRegen  0.11/turn              (no ring)
MPRegen  0.09/turn              (no ring)

@: no status effects
A: antennae 1, spiny 1
a: no special abilities


You escaped.
You visited 1 branch of the dungeon, and saw 2 of its levels.

You collected 51 gold pieces.

Inventory:

Missiles
 c - 4 throwing nets (quivered)
Armour
 a - a +0 leather armour (worn)
 b - a +0 helmet
Scrolls
 d - a scroll of vulnerability {unknown}
 i - a scroll of enchant armour {unknown}
 k - 2 scrolls of brand weapon {unknown}
 l - a scroll of amnesia {unknown}
Potions
 e - a potion of haste {unknown}
 f - a potion of might {unknown}
 g - 2 potions of curing {unknown}
 h - a potion of invisibility {unknown}
 j - 3 potions of heal wounds {unknown}


   Skills:
 + Level 3.0 Fighting
 - Level 1.7 Throwing
 - Level 2.6 Dodging
 * Level 4.1 Unarmed Combat


You had 3 spell levels left.
You didn't know any spells.
Your spell library was empty.

Dungeon Overview and Level Annotations

Branches:
Dungeon (2/15)

Altars:


Innate Abilities, Weirdness & Mutations

You have a pair of small antennae on your head.
You are partially covered in sharp spines.


Message History

You closely miss the gnoll.
The gnoll is moderately wounded.
The gnoll is struck by your spines. The gnoll hits you with a +0 spear.
You are too injured to fight recklessly!
You are too injured to fight recklessly!
You hit the gnoll.
The gnoll is severely wounded.
The gnoll hits you with a +0 spear.
You hit the gnoll.
You kill the gnoll!
Your Fighting skill increases to level 3!
You have reached level 4!
You feel agile.
Your demonic ancestry asserts itself...
A pair of antennae grows on your head!
Your +0 helmet falls away!
You hit the gnoll.
The gnoll is severely wounded.
The gnoll is struck by your spines. The gnoll barely misses you.
You barely miss the gnoll.
The gnoll is almost dead.
The gnoll is struck by your spines.
You kill the gnoll!
g - 2 metallic orange potions (gained 1)
Items here: )) ††.
(D) Dungeon
Where to? (Enter - D:2, ? - help)
You see here an adder skeleton.
Things that are here:
a +0 dagger; a +0 club
There is an open door here.
You see here 16 sling bullets.
There is an open door here.
You see here an adder skeleton.
There is a stone staircase leading up here.
You climb upwards.
There is a stone staircase leading down here.
Unknown command.
There is a staircase leading out of the dungeon here.
Are you sure you want to leave the Dungeon?
This will make you lose the game!
You have escaped!

######.##.......#............#
#......##.#####.#..####..#####
#.#######.#####.#..# ##.# #.#
#..........#####.# #.#
####.##..........# #.#
#.#.#.#.#.########### #.#
##.#.#.#............. #.#
#.#.#.#.############# #.#
##.#@#.#..####### #.#
#.#.#.#.#.......# #.#
##.#.#.#.######.# #.#
#.#.#.#.## #># ##.# ##.#.#.#.#
#.# ## ###..## #########
#.####. ......# #.##...
#.#.#.# #.#..#. ......#
#.#....


There were no monsters in sight!

Vanquished Creatures
  3 gnolls (D:2)
  2 adders (D:2)
  2 dart slugs (D:1)
  A giant cockroach (D:1)
  4 goblins
  A hobgoblin (D:1)
  6 jackals
  A kobold (D:2)
  2 quokkas
  3 ball pythons
  4 bats (D:1)
  4 frilled lizards
  3 rats
36 creatures vanquished.

Notes
Turn   | Place    | Note
-------+----------+-------------------------------------------
     0 | D:1      | Alarkh the Demonspawn Gladiator began the quest for the
                  | Orb.
     0 | D:1      | Reached XP level 1. HP: 16/16 MP: 1/1
   175 | D:1      | Reached skill level 3 in Unarmed Combat
   294 | D:1      | Gained mutation: You are partially covered in sharp spines.
                  | [demonic ancestry]
   294 | D:1      | Reached XP level 2. HP: 18/22 MP: 2/2
   828 | D:2      | Reached XP level 3. HP: 19/28 MP: 3/3
  1174 | D:2      | Reached skill level 4 in Unarmed Combat
  1302 | D:2      | Gained mutation: You have a pair of small antennae on your
                  | head. [demonic ancestry]
  1302 | D:2      | Reached XP level 4. HP: 13/35 MP: 4/4
  1392 | D:$      | Got out of the dungeon alive.

Illustrated notes

Levels and vault maps discovered:
D:1:      lightli_arrival_chessboard, layout_loops_ring, serial_glass,
          glass_columns_b, glass_columns_b, glass_columns_a, glass_columns_c,
          glass_columns_a, glass_columns_c, glass_columns_b, glass_columns_a,
          glass_columns_b, glass_columns_a, due_unseen_surprise
D:2:      layout_loops_corners, hellmonk_ecumenical_altar_heavens_door

Skill      XL: |  1  2  3 |
---------------+----------+-----
Unarmed Combat | 3 4 |  4.1
Fighting       | 3 |  3.0
Throwing       | |  1.7
Dodging        | |  2.6

Action                   |  1- 3 |  4- 6 || total
-------------------------+-------+-------++-------
Melee: Unarmed           |   102 |     2 ||   104
Armor: Leather armour    |    32 |       ||    32
Dodge: Dodged            |    60 |     1 ||    61

Table legend: (Time is in decaauts)
 A = Elapsed time spent in this place.
 B = Non-inter-level travel time spent in this place.
 C = Inter-level travel time spent in this place.
 D = Time resting spent in this place.
 E = Time spent auto-exploring this place.
 F = Levels seen in this place.
 G = Mean time per level.
                   A        B        C        D        E       F      G
               +--------+--------+--------+--------+--------+-----+--------+
         Total |   1385 |   1289 |     96 |     77 |    959 |   2 |  692.5 |
       Dungeon |   1385 |   1289 |     96 |     77 |    959 |   2 |  692.5 |
               +--------+--------+--------+--------+--------+-----+--------+

Top non-repeatable levels by time:
     D:1: 762 daAuts
     D:2: 623 daAuts
